 Dungeon Crawl Stone Soup version 0.22.0-38-g04b72b8 (webtiles) character file.

3623 Lew the Fighter (level 10, -9/82 HPs)
             Began as a Gnoll Abyssal Knight on Aug 25, 2018.
             Was an Elder of Lugonu.
             Mangled by Liatris's ghost (12 damage)
             ... on level 8 of the Dungeon.
             The game lasted 00:21:34 (7449 turns).

Lew the Fighter (Gnoll Abyssal Knight)              Turns: 7449, Time: 00:21:35

Health: -9/82      AC: 13    Str: 17    XL:     10   Next: 11%
Magic:  12/18      EV: 14    Int: 21    God:    Lugonu [****..]
Gold:   401        SH:  0    Dex: 14    Spells: 8/20 levels left

rFire    . . .     SeeInvis .   a - +3 falchion
rCold    . . .     Gourm    .   (no shield)
rNeg     + + .     Faith    .   j - +1 ring mail of Bot Xiso {MR+ Regen+ Int+5}
rPois    .         Spirit   .   h - +0 helmet
rElec    .         Reflect  .   w - +1 cloak
rCorr    .         Harm     .   u - +1 pair of gloves
MR       +....                  (boots currently unavailable)
Stlth    ++........             (no amulet)
HPRegen  0.63/turn              A - ring of positive energy
MPRegen  0.16/turn              b - ring of positive energy

@: appendage, very slightly contaminated
A: distributed training, fangs 1, talons 3, strong nose
a: End Transformation, Depart the Abyss, Bend Space, Banish, Corrupt, Renounce
Religion


You were on level 8 of the Dungeon.
You worshipped Lugonu.
Lugonu was greatly pleased with you.
You were not hungry.
You had grown temporary talons.
You visited 1 branch of the dungeon, and saw 8 of its levels.
You visited the Abyss 1 time.

You collected 401 gold pieces.

Inventory:

Hand Weapons
 a - a +3 falchion (weapon)
 g - a +0 dire flail of holy wrath
Armour
 h - a +0 helmet (worn)
 j - the +1 ring mail of Bot Xiso (worn) {MR+ Regen+ Int+5}
   (You found it on level 7 of the Dungeon)

   It affects your intelligence (+5).
   It affects your resistance to hostile enchantments.
   It increases your rate of regeneration.
 u - a +1 pair of gloves (worn)
 w - a +1 cloak (worn)
 y - a +0 ring mail
Jewellery
 b - a ring of positive energy (right hand)
 A - a ring of positive energy (left hand)
Wands
 n - a wand of polymorph (8)
 q - a wand of flame (23)
Scrolls
 d - 3 scrolls of amnesia
 e - 6 scrolls of remove curse
 f - a scroll of fog
 i - 2 scrolls of identify
 k - a scroll of blinking
 m - 2 scrolls of immolation
 p - 2 scrolls of teleportation
Potions
 l - a potion of brilliance
 o - a potion of cancellation
 v - 4 potions of curing
Comestibles
 c - 12 rations


   Skills:
 + Level 8.8 Fighting
 + Level 5.7 Short Blades
 + Level 7.4 Long Blades
 + Level 5.7 Axes
 + Level 5.7 Maces & Flails
 + Level 5.7 Polearms
 + Level 5.7 Staves
 + Level 5.7 Slings
 + Level 5.7 Bows
 + Level 5.7 Crossbows
 + Level 5.7 Throwing
 + Level 7.4 Armour
 + Level 6.3 Dodging
 + Level 5.7 Stealth
 + Level 5.7 Shields
 + Level 5.7 Unarmed Combat
 + Level 5.7 Spellcasting
 + Level 4.7 Conjurations
 + Level 4.7 Hexes
 + Level 4.7 Charms
 + Level 4.7 Summonings
 + Level 4.7 Necromancy
 + Level 4.7 Translocations
 + Level 4.7 Transmutations
 + Level 4.7 Fire Magic
 + Level 4.7 Ice Magic
 + Level 4.7 Air Magic
 + Level 4.7 Earth Magic
 + Level 4.7 Poison Magic
 + Level 7.8 Invocations
 + Level 5.7 Evocations


You had 8 spell levels left.
You knew the following spells:

 Your Spells              Type           Power        Failure   Level  Hunger
a - Beastly Appendage     Tmut           ####..       2%          1    None
b - Summon Lightning Spi  Summ/Air       ####....     24%         4    ####...
c - Summon Guardian Gole  Hex/Summ       ####....     8%          3    ##.....
d - Summon Ice Beast      Ice/Summ       ####....     24%         4    ####...

Your spell library contained the following spells:

 Spells                   Type           Power        Failure   Level  Hunger
 Summon Small Mammal      Summ           ####         2%          1    None
 Call Imp                 Summ           ####....     3%          2    None
 Sticks to Snakes         Tmut           ####....     3%          2    None
 Call Canine Familiar     Summ           ####....     8%          3    ##.....
 Spider Form              Tmut/Pois      ####......   8%          3    ##.....
 Ice Form                 Ice/Tmut       ####....     24%         4    ####...
 Blade Hands              Tmut           ####......   56%         5    #####..


Dungeon Overview and Level Annotations

Branches:
Dungeon (8/15)             Temple (0/1) D:6
   Lair: D:8-11

Altars:
Dithmenos
Hepliaklqana
Qazlal

Annotations:
D:8 Liatris's ghost, novice DsGl


Innate Abilities, Weirdness & Mutations

Your experience applies equally to all skills.
You have very sharp teeth.
Your uncanny sense of smell can sniff out nearby items.
You have claws for feet.


Message History

Liatris's ghost is severely damaged.
Liatris's ghost hits you.
* * * LOW HITPOINT WARNING * * *
You are electrocuted!
* * * LOW HITPOINT WARNING * * *
You feel better. Liatris's ghost closely misses you.
You riposte.
You barely miss Liatris's ghost.
You claw Liatris's ghost, but do no damage.
Liatris's ghost is severely damaged.
Okay, then.
As you read the scroll of fear, it crumbles to dust.
You assume a fearsome visage.
Liatris's ghost is unaffected.
The bullfrog simulacrum is unaffected.
The ice beast looks frightened!
Liatris's ghost hits you!
* * * LOW HITPOINT WARNING * * *
Unknown command.
As you read the scroll of fear, it crumbles to dust.
You assume a fearsome visage.
Liatris's ghost is unaffected.
The bullfrog simulacrum is unaffected.
Liatris's ghost hits you!
You die...

#........<.#########).).....
##...##......##........###...
##..#######.........#####
##.. #...# ##......###.....
#.. #...####
#.....##........##.
##.....###
#..#.##....###...#.
#.......###.##.#...Z##..5..#.
#######..##..#§#§..Y#.....##.
##.###@#§§...##....5#). #)#
##W.'.Z.#$.=...#.. #.#
#Z.Y?..#!...#.##. #.#
##.#...##.. #.5#. ##.##
#.#....# #Z.#.
#...####.##....###...#.
......##......###.......##.
.....# ####.....###...###..
.....# ##......#####....


You could see an ice beast (fleeing), Liatris's ghost, a bullfrog simulacrum and
a worker ant simulacrum (wandering).

Vanquished Creatures
  4 hippogriffs (D:7)
  Eustachio (D:5)
  A hungry ghost (D:7)
  Edmund (D:5)
  2 ice beasts (D:6)
  An orc warrior (D:7)
  A phantom (D:7)
  A sky beast (D:7)
  An ogre (D:7)
  2 centaurs
  A gnoll sergeant (D:6)
  3 bullfrogs
  3 wights (D:7)
  2 hounds
  6 crimson imps
  4 jellies
  2 orc priests
  A bullfrog skeleton (D:5)
  An iguana (D:7)
  4 worker ants
  6 gnolls (D:6)
  A howler monkey skeleton (D:6)
  6 adders
  A shadow imp (D:5)
  2 oozes
  An adder zombie (D:7)
  4 worms
  An adder simulacrum (D:8)
  A leopard gecko (D:7)
  14 orcs
  9 bats
  10 giant cockroaches
  12 hobgoblins
  10 jackals
  10 kobolds
  2 quokkas
  3 ball pythons
  4 frilled lizards
  7 goblins
  A jackal skeleton (D:4)
  A jackal zombie (D:6)
  A quokka simulacrum (D:8)
  11 rats
160 creatures vanquished.

Vanquished Creatures (collateral kills)
  An ugly thing (D:8)
  A centaur (D:8)
2 creatures vanquished.

Grand Total: 162 creatures vanquished

Notes
Turn   | Place    | Note
-------+----------+-------------------------------------------
     0 | Abyss:1  | Lew the Gnoll Abyssal Knight began the quest for the Orb.
     0 | Abyss:1  | Reached XP level 1. HP: 23/23 MP: 3/3
    81 | Abyss:2  | Found a corrupted altar of Lugonu.
   121 | Abyss:2  | Noticed a worldbinder
   129 | Abyss:2  | Noticed a starcursed mass
   136 | Abyss:3  | Found a corrupted altar of Lugonu.
   147 | Abyss:3  | Noticed a tormentor
   155 | Abyss:3  | Noticed a hellephant
   155 | Abyss:3  | Noticed a spatial vortex
   156 | Abyss:3  | Noticed a dire elephant
   157 | Abyss:3  | Noticed a dire elephant
   157 | D:1      | Escaped the Abyss
   546 | D:1      | Reached * piety under Lugonu
   546 | D:1      | Reached XP level 2. HP: 25/29 MP: 5/5
   922 | D:2      | Reached XP level 3. HP: 35/35 MP: 6/6
  1057 | D:2      | Found a stormy altar of Qazlal.
  1058 | D:2      | Noticed an air elemental
  1060 | D:2      | Noticed a fire elemental
  1060 | D:2      | Noticed a water elemental
  1060 | D:2      | Noticed an earth elemental
  1131 | D:2      | Found a shadowy altar of Dithmenos.
  1172 | D:2      | Reached skill level 1 in Short Blades
  1172 | D:2      | Reached skill level 1 in Axes
  1172 | D:2      | Reached skill level 1 in Maces & Flails
  1172 | D:2      | Reached skill level 1 in Polearms
  1172 | D:2      | Reached skill level 1 in Staves
  1172 | D:2      | Reached skill level 1 in Slings
  1172 | D:2      | Reached skill level 1 in Bows
  1172 | D:2      | Reached skill level 1 in Crossbows
  1172 | D:2      | Reached skill level 1 in Throwing
  1172 | D:2      | Reached skill level 1 in Stealth
  1172 | D:2      | Reached skill level 1 in Shields
  1172 | D:2      | Reached skill level 1 in Unarmed Combat
  1172 | D:2      | Reached skill level 1 in Spellcasting
  1172 | D:2      | Reached skill level 1 in Evocations
  1375 | D:2      | Reached XP level 4. HP: 18/41 MP: 7/7
  1792 | D:2      | Reached ** piety under Lugonu
  2563 | D:3      | Reached skill level 1 in Conjurations
  2563 | D:3      | Reached skill level 1 in Hexes
  2563 | D:3      | Reached skill level 1 in Charms
  2563 | D:3      | Reached skill level 1 in Summonings
  2563 | D:3      | Reached skill level 1 in Necromancy
  2563 | D:3      | Reached skill level 1 in Translocations
  2563 | D:3      | Reached skill level 1 in Transmutations
  2563 | D:3      | Reached skill level 1 in Fire Magic
  2563 | D:3      | Reached skill level 1 in Ice Magic
  2563 | D:3      | Reached skill level 1 in Air Magic
  2563 | D:3      | Reached skill level 1 in Earth Magic
  2563 | D:3      | Reached skill level 1 in Poison Magic
  2727 | D:3      | Reached XP level 5. HP: 29/47 MP: 8/8
  3708 | D:5      | Entered Level 5 of the Dungeon
  3724 | D:5      | Noticed Eustachio
  3785 | D:5      | Killed Eustachio
  3785 | D:5      | Reached skill level 5 in Long Blades
  3785 | D:5      | Reached skill level 5 in Armour
  3785 | D:5      | Reached skill level 5 in Invocations
  3785 | D:5      | Reached XP level 6. HP: 39/53 MP: 9/9
  3806 | D:5      | Reached skill level 8 in Fighting
  3806 | D:5      | Reached skill level 5 in Dodging
  3806 | D:5      | Reached XP level 7. HP: 62/62 MP: 9/14
  4051 | D:5      | Found a hazy altar of Hepliaklqana.
  4322 | D:5      | Reached *** piety under Lugonu
  4334 | D:5      | Noticed Edmund
  4357 | D:5      | Killed Edmund
  4357 | D:5      | Reached XP level 8. HP: 62/68 MP: 15/15
  4756 | D:6      | Reached skill level 5 in Short Blades
  4756 | D:6      | Reached skill level 5 in Axes
  4756 | D:6      | Reached skill level 5 in Maces & Flails
  4756 | D:6      | Reached skill level 5 in Polearms
  4756 | D:6      | Reached skill level 5 in Staves
  4756 | D:6      | Reached skill level 5 in Slings
  4756 | D:6      | Reached skill level 5 in Bows
  4756 | D:6      | Reached skill level 5 in Crossbows
  4756 | D:6      | Reached skill level 5 in Throwing
  4756 | D:6      | Reached skill level 5 in Stealth
  4756 | D:6      | Reached skill level 5 in Shields
  4756 | D:6      | Reached skill level 5 in Unarmed Combat
  4756 | D:6      | Reached skill level 5 in Spellcasting
  4756 | D:6      | Reached skill level 5 in Evocations
  5283 | D:6      | Found a staircase to the Ecumenical Temple.
  5467 | D:7      | Reached XP level 9. HP: 38/75 MP: 16/16
  6385 | D:7      | Got a brightly glowing ring mail
  6408 | D:7      | Identified the +1 ring mail of Bot Xiso {MR+ Regen+ Int+5} (You found it on level 7 of the Dungeon)
  6430 | D:7      | Learned a level 1 spell: Beastly Appendage
  6436 | D:7      | Learned a level 4 spell: Summon Lightning Spire
  6440 | D:7      | Learned a level 3 spell: Summon Guardian Golem
  6445 | D:7      | Learned a level 4 spell: Summon Ice Beast
  6505 | D:7      | Reached **** piety under Lugonu
  7007 | D:8      | Noticed a white ugly thing
  7051 | D:8      | Killed a white ugly thing
  7051 | D:8      | Reached XP level 10. HP: 38/82 MP: 2/18
  7169 | D:8      | Noticed Liatris's ghost (novice DsGl)
  7205 | D:8      | Found a runed gate.
  7205 | D:8      | Found a runed gate.
  7206 | D:8      | Found a runed gate.
  7448 | D:8      | HP: 2/82 [Liatris's ghost (12)]
  7449 | D:8      | Mangled by Liatris's ghost

Skill      XL: |  1  2  3  4  5  6  7  8  9 |
---------------+----------------------------+-----
Short Blades   | 1 2 4 5 |  5.7
Axes           | 1 2 4 5 |  5.7
Maces & Flails | 1 2 4 5 |  5.7
Polearms       | 1 2 4 5 |  5.7
Staves         | 1 2 4 5 |  5.7
Slings         | 1 2 4 5 |  5.7
Bows           | 1 2 4 5 |  5.7
Crossbows      | 1 2 4 5 |  5.7
Throwing       | 1 2 4 5 |  5.7
Stealth        | 1 2 4 5 |  5.7
Shields        | 1 2 4 5 |  5.7
Unarmed Combat | 1 2 4 5 |  5.7
Spellcasting   | 1 2 4 5 |  5.7
Evocations     | 1 2 4 5 |  5.7
Conjurations   | 1 4 |  4.7
Hexes          | 1 4 |  4.7
Charms         | 1 4 |  4.7
Summonings     | 1 4 |  4.7
Necromancy     | 1 4 |  4.7
Translocations | 1 4 |  4.7
Transmutations | 1 4 |  4.7
Fire Magic     | 1 4 |  4.7
Ice Magic      | 1 4 |  4.7
Air Magic      | 1 4 |  4.7
Earth Magic    | 1 4 |  4.7
Poison Magic   | 1 4 |  4.7
Dodging        | 3 5 6 |  6.3
Long Blades    | 5 6 7 |  7.4
Armour         | 5 6 7 |  7.4
Invocations    | 5 7 |  7.8
Fighting       | 8 |  8.8

Action                   |  1- 3 |  4- 6 |  7- 9 | 10-12 || total
-------------------------+-------+-------+-------+-------++-------
Melee: Falchion          |    97 |   174 |   360 |    55 ||   686
       Bite              |     9 |    11 |    62 |     9 ||    91
       Punch             |       |     1 |    10 |     5 ||    16
       Kick              |       |       |     7 |    11 ||    18
 Cast: Beastly Appendage |       |       |     4 |     2 ||     6
       Summon Lightning  |       |       |     2 |     2 ||     4
       Summon Ice Beast  |       |       |     1 |       ||     1
       Summon Guardian G |       |       |     1 |       ||     1
Invok: Depart the Abyss  |     1 |       |       |       ||     1
  Use: Scroll            |       |     9 |     5 |     3 ||    17
       Potion            |       |    11 |     1 |     2 ||    14
 Stab: Sleeping          |     2 |     1 |     7 |     1 ||    11
       Distracted        |       |       |     2 |       ||     2
  Eat: Chunk             |     1 |     5 |       |       ||     6
       Ration            |       |     1 |     4 |     1 ||     6
Armor: Leather armour    |    29 |    17 |       |       ||    46
       Robe              |       |    14 |       |       ||    14
       Ring mail         |       |    44 |   144 |    16 ||   204
Dodge: Dodged            |    67 |   134 |   249 |    41 ||   491
       Rpst.: Falchion   |    19 |    36 |    54 |    15 ||   124
